 Dungeon Crawl Stone Soup version 0.30-a0-715-gdb4ae3ece1 (webtiles) character file.

Game seed: 6833085824908109372

679 bmack86 the Covered (level 7, -3/61 HPs)
             Began as a Minotaur Fighter on Jan 24, 2023.
             Was a Follower of Okawaru.
             Slain by a two-headed ogre
             ... wielding a +0 giant spiked club
              (12 damage)
             ... on level 5 of the Dungeon.
             The game lasted 00:08:37 (3191 turns).

bmack86 the Covered (Minotaur Fighter)              Turns: 3191, Time: 00:08:37

Health: -3/61      AC: 14    Str: 25    XL:     7   Next: 34%
Magic:  7/7        EV:  9    Int:  5    God:    Okawaru [*.....]
Gold:   216        SH:  5    Dex: 10    Spells: 6/6 levels left

rFire   . . .      SeeInvis +    p - +8 consecrated labrys {holy, Valiant Fragile Fly SInv}
rCold   . . .      Faith    .    c - +0 buckler
rNeg    . . .      Spirit   .    b - +0 scale mail
rPois   .          Reflect  .    (helmet restricted)
rElec   .          Harm     .    (no cloak)
rCorr   .          Rampage  .    e - +2 pair of gloves
Will    +....                    n - +2 pair of boots Stlth
                                 (no amulet)
HPRegen 0.30/turn                o - ring of the Sun {Will+ Str+3 Slay+4}
MPRegen 0.10/turn                r - ring of see invisible

@: flying, studying Armour
A: horns 2, retaliatory headbutt
a: Renounce Religion, Heroism


You were on level 5 of the Dungeon.
You worshipped Okawaru.
Okawaru was aware of your devotion.
You visited 2 branches of the dungeon, and saw 6 of its levels.

You collected 255 gold pieces.
You spent 39 gold pieces at shops.

Inventory:

Hand Weapons
 a - a +0 war axe of flaming
 g - a +0 war axe
 p - the +8 consecrated labrys (weapon) {holy, Valiant Fragile Fly SInv}
   (You acquired it on level 1 of the Dungeon)

   Valiant:   It becomes more powerful as more dangerous foes come into view.
   SInv:      It lets you see invisible.
   Fly:       It grants you flight.
   Fragile:   It will be destroyed if unequipped.
Missiles
 v - 4 javelins (quivered)
Armour
 b - a +0 scale mail (worn)
 c - a +0 buckler (worn)
 e - a +2 pair of gloves (worn)
 n - a +2 pair of boots (worn)
Jewellery
 o - the ring of the Sun (left hand) {Will+ Str+3 Slay+4}
   (You acquired it on level 1 of the Dungeon)

   [ring of slaying]

   Str:       It affects your strength (+3).
   Slay:      It affects your accuracy & damage with ranged weapons and melee
   (+4).
   Will:      It increases your willpower.
 r - a ring of see invisible (right hand)
Scrolls
 i - 2 scrolls of enchant armour
 q - a scroll of blinking
 t - a scroll of teleportation
 w - a scroll of identify {unknown}
Potions
 d - a potion of might
 f - a potion of flight
 h - a potion of curing {unknown}
 j - 2 potions of heal wounds {unknown}
 k - a potion of haste {unknown}
 l - 2 potions of berserk rage {unknown}
 m - a potion of lignification {unknown}
 s - a potion of brilliance {unknown}
 u - a potion of attraction {unknown}


   Skills:
 + Level 5.3 Fighting
 * Level 5.9 Axes
 + Level 2.2 Throwing
 + Level 6.3 Armour
 + Level 5.2 Shields
 + Level 2.1 Invocations


You had 6 spell levels left.
You didn't know any spells.
Your spell library contained the following spells:

 Spells                   Type           Power      Damage    Failure   Level
 Apportation              Tloc           0%         N/A       83%         1
 Necrotise                Necr           0%         1d4       83%         1
 Summon Small Mammal      Summ           Unusable   N/A       N/A         1

Dungeon Overview and Level Annotations

Branches:
Dungeon (5/15)             Temple (1/1) D:5

Altars:
Ashenzari
Cheibriados
Dithmenos
Elyvilon
Fedhas
Gozag
Kikubaaqudgha
Makhleb
Nemelex Xobeh
Okawaru
Qazlal
Ru
Trog
Uskayaw
Vehumet
Wu Jian
Yredelemnul
Zin
The Shining One

Shops:
D:5 *


Innate Abilities, Weirdness & Mutations

You have a pair of horns on your head.
You reflexively headbutt those who attack you in melee.


Message History

Found a glowing silver altar of Zin.
Found a sacrificial altar of Ru.
Found a bloodstained altar of Trog.
Found a radiant altar of Vehumet.
Found an opulent altar of Gozag.
Found a burning altar of Makhleb.
There is a staircase back to the Dungeon here.
You fly upwards.
Welcome back to the Dungeon!
There is a staircase to the Ecumenical Temple here.
There is an open door here.
As you open the door, it creaks loudly!
You hear an angry hiss.
You reach down and open the door.
An ogre comes into view. It is wielding a +0 giant club.
The ogre shouts!
There is an open door here.
You slice the ogre!! You headbutt the ogre.
You kill the ogre!
Okawaru accepts your kill.
Your Invocations skill increases to level 2!
Found 5 stones.
A two-headed ogre and an adder come into view.
The two-headed ogre shouts in stereo!
The adder hisses angrily.
You see here 5 stones.
You slash the adder!
You kill the adder!
Okawaru accepts your kill.
You slice the two-headed ogre!!
Your headbutt misses the two-headed ogre.
The two-headed ogre is moderately wounded.
The two-headed ogre hits you with a +0 giant spiked club!
The two-headed ogre hits you with a +0 giant spiked club!!
You slash the two-headed ogre!
The two-headed ogre is severely wounded.
The two-headed ogre hits you with a +0 giant spiked club! x2
* * * LOW HITPOINT WARNING * * *
You slice the two-headed ogre!!
The two-headed ogre is almost dead.
You block the two-headed ogre's attack.
The two-headed ogre hits you with a +0 giant spiked club!
You die...

.#....#.#.##. ########
.###......##.###.# .#
#.##........#.# . .# #.#
###.#..##.# ## .# ...
..#...#.# .#
#.#####..#..#.#
+###.....#..#..#.#
...#####.#..#..#O#
##.##....#.....#@#
>#.'.....#.###..(#
##.#.....#..............
...#..).............####
'###.....##########..#
.# #.....# #... .#
#.....# #### .# #.......
## #.......#


You could see a two-headed ogre.

Vanquished Creatures
  3 ogres
  4 hounds
  A jelly (D:4)
  An orc priest (D:5)
  2 iguanas
  6 gnolls
  4 adders
  A worm (D:2)
  2 dart slugs
  17 orcs
  An endoplasm (D:2)
  3 giant cockroaches
  3 hobgoblins
  4 jackals (D:3)
  3 quokkas
  8 ball pythons
  3 bats
  3 frilled lizards
  12 goblins
  13 kobolds
  5 rats
99 creatures vanquished.

Notes
Turn   | Place    | Note
-------+----------+-------------------------------------------
     0 | D:1      | bmack86 the Minotaur Fighter began the quest for the Orb.
     0 | D:1      | Reached XP level 1. HP: 19/19 MP: 0/0
   194 | D:1      | Reached XP level 2. HP: 27/27 MP: 1/1
   659 | D:1      | Identified 3 scrolls of acquirement
   659 | D:1      | Acquired the ring of the Sun {Will+ Str+3 Slay+4}
   661 | D:1      | Acquired the +5 consecrated labrys {holy, Valiant Fragile
                  | Fly SInv}
   661 | D:1      | Found the +5 consecrated labrys {holy, Valiant Fragile Fly
                  | SInv}
   663 | D:1      | Acquired a manual of Armour
   717 | D:2      | Reached skill level 4 in Armour
   790 | D:2      | Reached XP level 3. HP: 33/33 MP: 2/2
  1075 | D:2      | Found a radiant altar of Vehumet.
  1304 | D:3      | Reached XP level 4. HP: 35/40 MP: 3/3
  1335 | D:3      | Identified the +1 falchion "Ememouk" {flame, Will+ Str+2
                  | Dex-3}
  1798 | D:3      | Found a stormy altar of Qazlal.
  1802 | D:3      | Found an iron altar of Okawaru.
  1806 | D:3      | Found a basalt altar of Yredelemnul.
  1807 | D:3      | Found a broken altar of Ashenzari.
  1815 | D:3      | Became a worshipper of Warmaster Okawaru
  1993 | D:4      | Reached XP level 5. HP: 27/47 MP: 4/4
  2190 | D:4      | Reached skill level 5 in Armour
  2193 | D:4      | Reached skill level 1 in Throwing
  2317 | D:4      | Noticed an ogre
  2323 | D:4      | Reached skill level 1 in Invocations
  2325 | D:4      | Killed an ogre
  2326 | D:4      | Reached skill level 5 in Axes
  2326 | D:4      | Reached XP level 6. HP: 30/55 MP: 5/5
  2415 | D:4      | Found an ornate altar of the Wu Jian Council.
  2578 | D:4      | Reached * piety under Okawaru
  2579 | D:4      | Reached skill level 5 in Fighting
  2579 | D:4      | Reached skill level 5 in Shields
  2814 | D:5      | Entered Level 5 of the Dungeon
  2882 | D:5      | Reached skill level 6 in Armour
  2882 | D:5      | Reached XP level 7. HP: 42/61 MP: 7/7
  2947 | D:5      | Found Xefea's General Store.
  2960 | D:5      | Bought a potion of flight for 39 gold pieces
  3071 | D:5      | Found a staircase to the Ecumenical Temple.
  3077 | Temple   | Entered the Ecumenical Temple
  3185 | D:5      | Noticed a two-headed ogre
  3191 | D:5      | Slain by a two-headed ogre

Illustrated notes

Levels and vault maps discovered:
D:1:      dpeg_arrival_windows_large_door, layout_loops_ring,
          minmay_crystal_water
D:2:      minmay_spotlight, layout_rooms, basic_altar,
          minmay_misc_feat_secret_circle
D:3:      layout_basic, mainiacjoe_overflow_alcove_3
D:4:      layout_basic, nzn_wu_jian_council_hall, serial_curves, eino_curves_02,
          eino_curves_04, eino_curves_03
D:5:      layout_basic, minmay_temple_entry_glassed_door, serial_shops,
          nicolae_lakefront_shop
Temple:   compressed_dpeg_circular_temple

Skill      XL: |  1  2  3  4  5  6  7 |
---------------+----------------------+-----
Axes           | 3 4 5 |  5.9
Armour         | 4 5 6 |  6.3
Fighting       | 4 5 |  5.3
Shields        | 4 5 |  5.2
Throwing       | 1 2 |  2.2
Invocations    | 1 2 |  2.1

Action                     |  1- 3 |  4- 6 |  7- 9 || total
---------------------------+-------+-------+-------++-------
  Melee: War axe           |    40 |       |       ||    40
         Headbutt          |     6 |     6 |     1 ||    13
         Labrys            |    31 |    65 |    13 ||   109
    Use: Scroll            |     8 |     5 |       ||    13
 Armour: Scale mail        |    39 |    33 |     3 ||    75
  Dodge: Dodged            |    33 |    28 |     3 ||    64
  Block: Buckler           |    11 |    16 |     3 ||    30

Table legend: (Time is in decaauts)
 A = Elapsed time spent in this place.
 B = Non-inter-level travel time spent in this place.
 C = Inter-level travel time spent in this place.
 D = Time resting spent in this place.
 E = Time spent auto-exploring this place.
 F = Levels seen in this place.
 G = Mean time per level.
                   A        B        C        D        E       F      G
               +--------+--------+--------+--------+--------+-----+--------+
         Total |   3252 |   3102 |    150 |      0 |   2258 |   6 |  542.0 |
       Dungeon |   3174 |   3024 |    150 |      0 |   2208 |   5 |  634.8 |
        Temple |     77 |     77 |      0 |      0 |     50 |   1 |   77.0 |
               +--------+--------+--------+--------+--------+-----+--------+

Top non-repeatable levels by time:
     D:4: 1003 daAuts
     D:1: 703 daAuts
     D:3: 653 daAuts
     D:2: 567 daAuts
     D:5: 245 daAuts
  Temple: 77 daAuts
